 Dungeon Crawl Stone Soup version 0.30-a0-368-g86fb4627a9 (webtiles) character file.

Game seed: 799848071979491438

732 hikkokomori the Gusty (level 7, -3/36 HPs)
             Began as a Tengu Air Elementalist on Nov 20, 2022.
             Was a Priest of Zin.
             Slain by a steam dragon (6 damage)
             ... on level 8 of the Dungeon.
             The game lasted 00:09:14 (4627 turns).

hikkokomori the Gusty (Tengu Air Elementalist)      Turns: 4627, Time: 00:09:15

Health: -3/36      AC:  5    Str:  8    XL:     7   Next: 73%
Magic:  11/13      EV: 14    Int: 17    God:    Zin [***...]
Gold:   192        SH:  0    Dex: 15    Spells: 12/13 levels left

rFire   . . .      SeeInvis .    h - +0 longbow
rCold   + + .      Faith    .    (shield currently unavailable)
rNeg    . . .      Spirit   .    k - +2 leather armour {rC+}
rPois   .          Reflect  .    (helmet restricted)
rElec   .          Harm     .    (no cloak)
rCorr   .          Rampage  .    (no gloves)
Will    +....                    (boots unavailable)
Stlth   +++.......               (no amulet)
HPRegen 0.26/turn                r - ring of willpower
MPRegen 0.13/turn                q - ring of protection from cold

@: flying quickly and evasively, quick
A: beak, talons 3, nimble flight
a: Renounce Religion, Recite, Vitalisation, Imprison, Donate Gold


You were on level 8 of the Dungeon.
You worshipped Zin.
Zin was most pleased with you.
You visited 1 branch of the dungeon, and saw 7 of its levels.
You also visited: Sewer.

You collected 213 gold pieces.
You donated 21 gold pieces to Zin.

Inventory:

Hand Weapons
 f - a +0 dagger
 h - a +0 longbow (weapon)
Armour
 a - a +0 robe
 k - a +2 leather armour of cold resistance (worn)
Jewellery
 q - a ring of protection from cold (right hand)
 r - a ring of willpower (left hand)
Wands
 v - a wand of light (6)
Scrolls
 c - a scroll of noise
 e - 4 scrolls of teleportation
 g - 2 scrolls of blinking
 i - a scroll of enchant armour
 l - 2 scrolls of fog
 o - a scroll of vulnerability {unknown}
 s - 2 scrolls of amnesia
 u - a scroll of fear
Potions
 b - 3 potions of magic
 d - a potion of invisibility {unknown}
 j - a potion of lignification {unknown}
 m - 2 potions of flight
 n - a potion of degeneration {unknown}
 p - 2 potions of haste {unknown}
 t - a potion of ambrosia {unknown}
 w - 2 potions of cancellation {unknown}
 x - 2 potions of resistance {unknown}
 z - 3 potions of heal wounds {unknown}


   Skills:
 + Level 3.4 Ranged Weapons
 - Level 2.2 Dodging
 + Level 4.5 Stealth
 + Level 3.9 Spellcasting
 + Level 4.9 Conjurations
 + Level 6.3 Air Magic


You had 12 spell levels left.
You knew the following spells:

 Your Spells              Type           Power      Damage    Failure   Level
a - Shock                 Conj/Air       88%        1d8       2%          1

Your spell library contained the following spells:

 Spells                   Type           Power      Damage    Failure   Level
 Static Discharge         Conj/Air       44%        2-4/arc   3%          2
 Swiftness                Air            24%        N/A       5%          3
 Airstrike                Air            12%        2d(2-18)  17%         4
 Sandblast                Erth           6%         2d5       24%         1
 Stone Arrow              Conj/Erth      22%        3d8       26%         3
 Passwall                 Tmut/Erth      2%         N/A       34%         2
 Summon Lightning Spire   Summ/Air       14%        N/A       54%         4
 Summon Guardian Golem    Hex/Summ       3%         N/A       56%         3
 Freezing Cloud           Conj/Ice/Air   8%         6-21      80%         5
 Summon Horrible Things   Summ           1%         N/A       100%        8


Dungeon Overview and Level Annotations

Branches:
Dungeon (6/15)              Sewer (visited)
 Temple: D:4-7

Altars:
Hepliaklqana
Makhleb
Okawaru
Sif Muna
Zin


Innate Abilities, Weirdness & Mutations

You have a beak for a mouth.
You have claws for feet.
Your magical nature lets you fly swiftly and evasively.


Message History

You are sucked into a shaft and drop 2 floors!
The shaft crumbles and collapses.
m - 2 potions of flight (gained 1)
A steam dragon comes into view.
You shoot an arrow. The arrow hits the steam dragon.
The steam dragon is lightly wounded.
You shoot an arrow. The arrow hits the steam dragon.
The steam dragon is moderately wounded.
The steam dragon breathes steam at you. The ball of steam misses you.
You hear a croak.
No target in view!
Unknown command.
Casting: Shock (safe; 2% risk of failure)
Confirm with . or Enter, or press ? or * to list all spells.
Aiming: Shock (safe; 2% risk of failure)
Press: ? - help, Shift-Dir - straight line You shoot an arrow.
The arrow barely misses the steam dragon.
You are engulfed in a cloud of scalding steam.
The steam dragon breathes steam at you. The ball of steam misses you.
You shoot an arrow. The arrow hits the steam dragon!
The steam dragon is heavily wounded.
You are engulfed in a cloud of scalding steam.
* * * LOW HITPOINT WARNING * * *
The steam dragon bites you.
* * * LOW HITPOINT WARNING * * *
The steam dragon claws you but does no damage.
Casting: Shock (safe; 2% risk of failure)
Confirm with . or Enter, or press ? or * to list all spells.
Aiming: Shock (safe; 2% risk of failure)
Press: ? - help, Shift-Dir - straight line, p - steam dragon The zap hits the steam dragon.
The steam dragon is severely wounded.
The zap misses the steam dragon.
You are engulfed in a cloud of scalding steam.
* * * LOW HITPOINT WARNING * * *
The steam dragon bites you.
You die...

.##.#####......#
.......##.####.#
###.##.##.#
#.### #.# ##.#
#...# #.. ..#
###.# ##. .##
#.# . .. #.# ..
.. ##.# #§@#
#D## #§# #§# #§#
#.# #.# #.#


You could see a steam dragon.

Vanquished Creatures
  4 ogres
  A kobold brigand (Sewer)
  A wight (D:6)
  A hound (D:5)
  An orc wizard (D:2)
  A gnoll (D:1)
  3 adders
  5 river rats (Sewer)
  3 dart slugs
  4 orcs
  5 endoplasms
  8 giant cockroaches
  6 goblins
  6 hobgoblins
  6 jackals
  23 kobolds
  5 quokkas
  15 ball pythons
  3 bats
  3 frilled lizards
  28 rats
132 creatures vanquished.

Vanquished Creatures (others)
  10 plants (D:1)
10 creatures vanquished.

Grand Total: 142 creatures vanquished

Notes
Turn   | Place    | Note
-------+----------+-------------------------------------------
     0 | D:1      | hikkokomori the Tengu Air Elementalist began the quest for
                  | the Orb.
     0 | D:1      | Reached XP level 1. HP: 10/10 MP: 4/4
     1 | D:1      | Noticed an electric eel
   122 | D:1      | Reached XP level 2. HP: 15/15 MP: 1/6
   270 | D:1      | Found a faded altar of an unknown god.
   368 | D:1      | Reached XP level 3. HP: 19/19 MP: 2/7
   755 | D:1      | Prayed at the altar of an unknown god.
   755 | D:1      | Became a worshipper of Zin the Law-Giver
   755 | D:1      | Reached * piety under Zin
  1072 | D:2      | Reached XP level 4. HP: 11/24 MP: 4/8
  1441 | D:2      | Reached ** piety under Zin
  1739 | D:3      | Reached skill level 1 in Ranged Weapons
  1786 | D:3      | Found a shimmering blue altar of Sif Muna.
  2544 | D:4      | Noticed an ogre
  2552 | D:4      | Killed an ogre
  2553 | D:4      | Reached skill level 5 in Air Magic
  2553 | D:4      | Gained mutation: Your magical nature lets you fly swiftly
                  | and evasively. [Tengu growth]
  2553 | D:4      | Reached XP level 5. HP: 14/28 MP: 5/10
  2655 | D:4      | Got the Catalogue of the Magi
  2960 | D:4      | Noticed an ogre
  2965 | D:4      | Killed an ogre
  2966 | D:4      | Reached XP level 6. HP: 32/32 MP: 7/11
  3163 | D:4      | Found a hazy altar of Hepliaklqana.
  3323 | D:4      | Found a burning altar of Makhleb.
  3334 | D:4      | Reached *** piety under Zin
  3417 | D:5      | Entered Level 5 of the Dungeon
  3492 | D:6      | Reached XP level 7. HP: 23/36 MP: 3/13
  3544 | D:6      | Reached skill level 6 in Air Magic
  3565 | D:6      | Found a glowing drain.
  3678 | Sewer    | Entered a sewer
  4562 | D:6      | Found an iron altar of Okawaru.
  4581 | D:6      | You are sucked into a shaft and drop 2 floors!
  4619 | D:8      | Noticed a steam dragon
  4627 | D:8      | Slain by a steam dragon

Illustrated notes

Levels and vault maps discovered:
D:1:      arrival_aquarium_a, layout_rooms,
          shapermc_ecumenical_altar_starsandcircs, nicolae_grassy_gnolls
D:2:      layout_basic, chequers_serial_rivers_small_a
D:3:      layout_loops_ring, nicolae_sif_muna_condensation
D:4:      layout_loops_ring, lemuel_tele_altar, nzn_hepliaklqana_mist_gate
D:5:      layout_loops_ring, chequers_temple_overflow_statue_of_worship,
          minmay_temple_entry_antechambers, hangedman_abyss_or_decor_stagger,
          uniq_ijyb
D:6:      layout_basic, okawaru_ov_weapons_minmay, portal_sewer_entry_f,
          kennysheep_donut, roderic_roman_lattice, amcnicky_mini_pool_small,
          minmay_shop_damaged, kennysheep_generic_room_9, uniq_edmund
D:8:      layout_loops_cross, pdpol_wu_jian_five_deadly_venoms, uniq_joseph

Skill      XL: |  1  2  3  4  5  6  7 |
---------------+----------------------+-----
Conjurations   | 2 3 4 |  4.9
Ranged Weapons | 1 2 3 |  3.4
Stealth        | 3 4 |  4.5
Spellcasting   | 3 |  3.9
Air Magic      | 5 6 |  6.3
Dodging        | |  2.2

Action                   |  1- 3 |  4- 6 |  7- 9 || total
-------------------------+-------+-------+-------++-------
Melee: Unarmed           |    13 |       |       ||    13
       Kick              |     7 |       |       ||     7
       Dagger            |     3 |       |       ||     3
       Peck              |     3 |       |       ||     3
 Fire: Longbow           |    15 |    62 |    80 ||   157
 Cast: Shock             |    40 |    31 |    54 ||   125
  Use: Scroll            |       |       |    10 ||    10
Armor: Robe              |     9 |    11 |       ||    20
       Leather armour    |       |     1 |    21 ||    22
Dodge: Dodged            |    15 |    35 |    54 ||   104

Table legend: (Time is in decaauts)
 A = Elapsed time spent in this place.
 B = Non-inter-level travel time spent in this place.
 C = Inter-level travel time spent in this place.
 D = Time resting spent in this place.
 E = Time spent auto-exploring this place.
 F = Levels seen in this place.
 G = Mean time per level.
                   A        B        C        D        E       F      G
               +--------+--------+--------+--------+--------+-----+--------+
         Total |   4587 |   4399 |    188 |    110 |   3442 |   8 |  573.4 |
       Dungeon |   3756 |   3568 |    188 |     28 |   3034 |   7 |  536.6 |
         Sewer |    831 |    831 |      0 |     82 |    408 |   1 |  831.0 |
               +--------+--------+--------+--------+--------+-----+--------+

Top non-repeatable levels by time:
     D:4: 995 daAuts
     D:2: 960 daAuts
   Sewer: 831 daAuts
     D:1: 779 daAuts
     D:3: 662 daAuts
     D:6: 251 daAuts
     D:5: 63 daAuts
     D:8: 44 daAuts
